 Dungeon Crawl Stone Soup version 0.30-b1-2-g02819fbbbe (webtiles) character file.

Game seed: 10909072817821070711

536 diana the Trooper (level 7, -2/84 HPs)
             Began as a Demonspawn Gladiator on June 10, 2023.
             Slain by Duvessa
             ... wielding a +0 short sword
              (7 damage)
             ... on level 4 of the Dungeon.
             The game lasted 00:07:09 (3680 turns).

diana the Trooper (Demonspawn Gladiator)            Turns: 3680, Time: 00:07:10

Health: -2/84      AC:  7    Str: 17    XL:     7   Next: 4%
Magic:  0/7        EV: 12    Int:  9    God:
Gold:   192        SH:  0    Dex: 14    Spells: 6/6 levels left

rFire   + . .        a - +0 long sword
rCold   + . .        (no shield)
rNeg    . . .        b - +0 leather armour
rPois   .            c - +0 helmet
rElec   .            i - scarf {rC+ rF+}
rCorr   .            (no gloves)
SInv    .            m - +0 pair of boots
Will    .....        o - amulet of guardian spirit Stlth
                     (no ring)
HPRegen 0.34/turn    (no ring)
MPRegen 0.10/turn

%: guardian spirit
@: berserking, very quick
A: hooves 1, molten scales 1, demonic guardian 1
a: no special abilities


You were on level 4 of the Dungeon.
You visited 1 branch of the dungeon, and saw 4 of its levels.

You collected 192 gold pieces.

Inventory:

Hand Weapons
 a - a +0 long sword (weapon)
Missiles
 d - 3 throwing nets (quivered)
 e - 7 javelins
Armour
 b - a +0 leather armour (worn)
 c - a +0 helmet (worn)
 i - a scarf of resistance (worn)
 m - a +0 pair of boots (worn)
Jewellery
 f - a ring of flight
 o - an amulet of guardian spirit (around neck)
 v - a ring of fire
 w - a ring of magical power
 z - a ring of willpower
Wands
 y - a wand of charming (7)
Scrolls
 h - 3 scrolls of teleportation {unknown}
 k - a scroll of enchant weapon {unknown}
 l - 3 scrolls of identify {unknown}
 n - a scroll of noise {unknown}
 p - 2 scrolls of fear {unknown}
 s - a scroll of amnesia {unknown}
 t - a scroll of blinking {unknown}
 x - a scroll of fog {unknown}
Potions
 g - a potion of curing
 j - 2 potions of magic
 r - a potion of brilliance {unknown}
 u - a potion of flight {unknown}


   Skills:
 * Level 5.5 Fighting
 + Level 4.2 Long Blades
 - Level 1.7 Throwing
 - Level 3.0 Armour
 - Level 3.0 Dodging


You had 6 spell levels left.
You didn't know any spells.
Your spell library contained the following spells:

 Spells                   Type           Power      Damage    Failure   Level
 Fireball                 Conj/Fire      0%         3d3       100%        5
 Iskenderun's Battlesphe  Conj           0%         2d6       100%        5
 Conjure Ball Lightning   Conj/Air       0%         3x3d6     100%        6
 Iron Shot                Conj/Erth      0%         9d1       100%        6
 Orb of Destruction       Conj           0%         9d5       100%        7
 Spellforged Servitor     Conj/Summ      0%         N/A       100%        7


Dungeon Overview and Level Annotations

Branches:
Dungeon (4/15)
 Temple: D:4-7

Altars:

Annotations:
D:4 1 runed translucent door, Crazy Yiuf, Dowan, Duvessa


Innate Abilities, Weirdness & Mutations

You have large cloven feet.
You are partially covered in molten scales. (AC +2)
A weak demonic guardian rushes to your aid.


Message History

Dowan attacks as you move away! Dowan misses you.
Duvessa hits you with a +0 short sword. Dowan attacks as you move away!
Dowan hits you with a +0 dagger. Duvessa misses you.
Dowan attacks as you move away! Dowan hits you but does no damage.
Duvessa barely misses you.
You barely miss Dowan.
Dowan is lightly wounded.
Duvessa closely misses you. Dowan barely misses you.
Duvessa hits you with a +0 short sword.
* * * LOW HITPOINT WARNING * * *
You miss Dowan.
Dowan is lightly wounded.
Dowan hits you but does no damage. Duvessa hits you with a +0 short sword.
* * * LOW HITPOINT WARNING * * *
A demonic guardian appears!
Dowan gestures at you while chanting. The puff of flame hits you. You resist.
* * * LOW HITPOINT WARNING * * *
You swap places.
Duvessa hits you with a +0 short sword.
* * * LOW HITPOINT WARNING * * *
Dowan gestures at you while chanting.
Your white imp resists with significant effort.
Your white imp completely misses Dowan.
It was a potion of magic.
Magic courses through your body. Duvessa hits you with a +0 short sword.
* * * LOW HITPOINT WARNING * * *
Dowan hits your white imp but does no damage.
Your white imp gestures at Dowan.
The puff of frost hits Dowan!
It was a potion of berserk rage.
A red film seems to cover your vision as you go berserk!
You feel yourself moving faster!
You feel mighty! Duvessa hits you with a +0 short sword.
* * * LOW HITPOINT WARNING * * *
Duvessa closely misses you.
Dowan hits your white imp with a +0 dagger.
Your white imp barely misses Dowan.
Duvessa attacks as you move away! Duvessa hits you with a +0 short sword!
You die...

##....####.....#.......## #
###....................## #
##....>............###...## #
...............)...####...### ###
...............[.....###....###..
...................)...##........
.........................#.......
.......>.........................
................@................
...............5e.............###
..............e.............###
.................<..........#
..................(........##
......................###..#
#.................##### .
#.####.......###### #.# ######.##


You could see Duvessa (fast), Dowan (distracted, ally target) and a friendly
white imp (summoned).

Vanquished Creatures
  Eustachio (D:3)
  A phantom (D:4)
  A hound (D:3)
  An orc priest (D:3)
  Natasha (D:2)
  An orc wizard (D:4)
  Terence (D:2)
  5 adders
  An ufetubus (D:3)
  A dart slug (D:1)
  5 orcs
  13 ball pythons
  5 endoplasms
  2 giant cockroaches (D:4)
  15 goblins
  10 hobgoblins
  4 jackals (D:3)
  2 quokkas
  6 bats
  5 frilled lizards
  7 kobolds
  4 rats
92 creatures vanquished.

Vanquished Creatures (collateral kills)
  Natasha (D:2)
  A worm (D:4)
  2 orcs (D:4)
4 creatures vanquished.

Grand Total: 96 creatures vanquished

Notes
Turn   | Place    | Note
-------+----------+-------------------------------------------
     0 | D:1      | diana the Demonspawn Gladiator began the quest for the Orb.
     0 | D:1      | Reached XP level 1. HP: 16/16 MP: 1/1
   190 | D:1      | Gained mutation: A weak demonic guardian rushes to your
                  | aid. [demonic ancestry]
   190 | D:1      | Reached XP level 2. HP: 23/23 MP: 2/2
   895 | D:2      | Noticed Terence
   906 | D:2      | Killed Terence
   907 | D:2      | Reached skill level 1 in Armour
   907 | D:2      | Reached XP level 3. HP: 20/28 MP: 3/3
   958 | D:2      | Reached skill level 3 in Fighting
  1246 | D:2      | Reached XP level 4. HP: 28/35 MP: 4/4
  1369 | D:2      | Noticed Natasha
  1451 | D:2      | Killed Natasha
  1622 | D:3      | Noticed an ogre
  1688 | D:2      | Noticed Natasha
  1695 | D:2      | Killed Natasha
  1696 | D:2      | Gained mutation: You are partially covered in molten
                  | scales. (AC +2) [demonic ancestry]
  1696 | D:2      | Reached XP level 5. HP: 34/42 MP: 3/5
  1761 | D:3      | Reached skill level 4 in Fighting
  2523 | D:4      | Noticed Dowan
  2523 | D:4      | Noticed Duvessa
  2743 | D:4      | Noticed Eustachio
  2988 | D:4      | Noticed a phantom
  3011 | D:4      | Killed a phantom
  3012 | D:4      | Reached XP level 6. HP: 29/49 MP: 4/6
  3276 | D:4      | Found a runed translucent door.
  3277 | D:4      | Noticed Crazy Yiuf
  3417 | D:3      | Killed Eustachio
  3418 | D:3      | Reached skill level 5 in Fighting
  3418 | D:3      | Gained mutation: You have large cloven feet. [demonic
                  | ancestry]
  3418 | D:3      | Reached XP level 7. HP: 49/56 MP: 5/7
  3680 | D:4      | Slain by Duvessa

Illustrated notes

Levels and vault maps discovered:
D:1:      matt_arrival_los_fun, layout_basic, amcnicky_mini_corridor_feature,
          hangedman_feature_mirror
D:2:      layout_rooms, uniq_terence, uniq_natasha
D:3:      layout_loops_ring, minmay_goblin_kobold_house
D:4:      layout_layer_cave, minmay_vboxes, uniq_eustachio,
          uniq_crazy_yiuf_cottage, uniq_duvessa

Skill      XL: |  1  2  3  4  5  6 |
---------------+-------------------+-----
Long Blades    | 3 4 |  4.2
Armour         | 1 2 3 |  3.0
Dodging        | 3 |  3.0
Fighting       | 3 4 5 |  5.5
Throwing       | |  1.7

Action                     |  1- 3 |  4- 6 |  7- 9 || total
---------------------------+-------+-------+-------++-------
  Melee: Long sword        |    97 |   178 |    25 ||   300
         Punch             |       |     2 |     1 ||     3
    Use: Potion            |       |     3 |     2 ||     5
   Stab: Sleeping          |       |     2 |       ||     2
 Armour: Leather armour    |    27 |    67 |     9 ||   103
  Dodge: Dodged            |    81 |   157 |    33 ||   271
